 Dungeon Crawl Stone Soup version 0.29-a0-653-gd47aff6735 (webtiles) character file.

Game seed: 1699601577218258507

710 DocClef the Summoner (level 7, -2/36 HPs)
             Began as a Tengu Summoner on June 21, 2022.
             Slain by an ogre
             ... wielding a +0 giant club
              (18 damage)
             ... on level 5 of the Dungeon.
             The game lasted 00:10:11 (6235 turns).

DocClef the Summoner (Tengu Summoner)               Turns: 6235, Time: 00:10:11

Health: -2/36      AC:  9    Str:  9    XL:     7   Next: 68%
Magic:  9/11       EV: 14    Int: 17    God:
Gold:   251        SH:  0    Dex: 14    Spells: 5/10 levels left

rFire   . . .      SeeInvis .   c - +0 dagger (protect)
rCold   . . .      Faith    .   (no shield)
rNeg    . . .      Spirit   .   a - +0 robe
rPois   .          Reflect  .   (helmet restricted)
rElec   .          Harm     .   (no cloak)
rCorr   .          Rampage  .   (no gloves)
Will    .....                   (boots unavailable)
Stlth   ++........              (no amulet)
HPRegen 0.12/turn               (no ring)
MPRegen 0.12/turn               (no ring)

@: under a protective aura, flying quickly and evasively, quick
A: beak, talons 3, nimble flight
a: no special abilities


You were on level 5 of the Dungeon.
You visited 1 branch of the dungeon, and saw 5 of its levels.

You collected 251 gold pieces.

Inventory:

Hand Weapons
 c - a +0 dagger of protection (weapon)
Armour
 a - a +0 robe (worn)
Wands
 p - a wand of paralysis (1)
Scrolls
 e - a scroll of acquirement {unknown}
 h - a scroll of blinking
 j - 2 scrolls of identify
Potions
 b - 3 potions of magic
 d - 3 potions of resistance
 f - 4 potions of curing
 g - a potion of berserk rage
 i - 2 potions of attraction {unknown}
 k - 2 potions of lignification {unknown}
 n - a potion of heal wounds {unknown}
 t - 2 potions of degeneration {unknown}


   Skills:
 - Level 2.1 Dodging
 - Level 2.0 Stealth
 - Level 2.0 Spellcasting
 + Level 10.9 Summonings


You had 5 spell levels left.
You knew the following spells:

 Your Spells              Type           Power      Damage    Failure   Level
a - Call Canine Familiar  Summ           39%        N/A       1%          3
b - Call Imp              Summ           39%        N/A       1%          2

Your spell library contained the following spells:

 Spells                   Type           Power      Damage    Failure   Level
 Summon Small Mammal      Summ           100%       N/A       1%          1
 Summon Guardian Golem    Hex/Summ       20%        N/A       6%          3
 Sandblast                Erth           2%         2d4       19%         1
 Summon Lightning Spire   Summ/Air       20%        N/A       21%         4
 Gell's Gravitas          Tloc           1%         N/A       50%         3
 Ignite Poison            Fire/Tmut/Pois 1%         N/A       50%         3
 Teleport Other           Tloc           1%         N/A       50%         3
 Airstrike                Air            0%         N/A       88%         4
 Corpse Rot               Necr/Pois/Air  1%         N/A       88%         4
 Ice Form                 Ice/Tmut       1%         N/A       88%         4
 Dispersal                Tloc           0%         N/A       100%        6


Dungeon Overview and Level Annotations

Branches:
Dungeon (5/15)
 Temple: D:4-7

Altars:

Shops:
D:3 [


Innate Abilities, Weirdness & Mutations

You have a beak for a mouth.
You have claws for feet.
Your magical nature lets you fly swiftly and evasively.


Message History

The jelly is lightly wounded.
Your wolf barely misses the orc.
The orc hits you but does no damage. The jelly hits you but does no damage.
Your wolf bites the orc!
The orc dies!
You hit the jelly.
Your hands burn!
You claw the jelly.
The jelly is lightly wounded.
The jelly hits you.
You are splashed with acid!
Your wolf bites the jelly!
Your wolf is burned by acid!
You hit the jelly but do no damage.
Your hands burn!
You claw the jelly. You peck the jelly.
The jelly is severely wounded.
Your wolf bites the jelly.
Your wolf is burned by acid!
The jelly misses your wolf.
You are too injured to fight recklessly!
You are too injured to fight recklessly!
Unknown command.
You are too injured to fight recklessly!
You hit the jelly.
Your hands burn!
You claw the jelly, but do no damage. You peck the jelly.
The jelly is almost dead.
Your wolf bites the jelly!
The jelly dies!
An ogre comes into view. It is wielding a +0 giant club.
An ogre is nearby!
An ogre is nearby!
An ogre is nearby!
Your wolf bites the ogre.
Your wolf barely misses the ogre.
You hit the ogre.
Your weapon exudes an aura of protection.
You peck the ogre, but do no damage.
The ogre is lightly wounded.
Your wolf barely misses the ogre.
Your crimson imp hits the ogre.
The ogre barely misses you.
Your wolf barely misses the ogre.
You barely miss the ogre. Your kick misses the ogre.
The ogre is moderately wounded.
Your crimson imp hits the ogre.
Your wolf bites the ogre!
The ogre hits you with a +0 giant club!!
Ouch! That really hurt!
You die...

.. . #..'......# . #. .#
#..#..#..#. .. ....
.....#..#.... ...#.#.
+######..#..#. ......
...#..#. #.#.. ....#†.#.
..#....#########+####..#.
......hO..$............#.
......5.@................
#########.##......#..##..
#.##......#..##..
#.##......#.. ##.
#.........+ ...
####......#..###.
##...###..# #.
#.#.###..###.
#.#..##......


You could see an ogre (ally target), a friendly wolf (summoned) and a friendly
crimson imp (summoned).

Vanquished Creatures
  A necrophage (D:4)
  A gnoll shaman (D:4)
  Ijyb (D:3)
  An iguana (D:4)
  2 gnolls (D:4)
  4 adders
  A worm (D:5)
  2 dart slugs
  An orc (D:4)
  2 endoplasms
  A giant cockroach (D:1)
  3 goblins
  4 hobgoblins
  6 kobolds
  2 quokkas
  7 ball pythons
  2 bats (D:1)
  5 frilled lizards
  4 rats
50 creatures vanquished.

Vanquished Creatures (collateral kills)
  An ogre (D:4)
  A necrophage (D:4)
  A scorpion (D:4)
  2 jellies
  An orc priest (D:2)
  An iguana (D:3)
  An orc wizard (D:2)
  7 gnolls
  2 dart slugs
  3 orcs
  2 ball pythons (D:1)
  4 endoplasms
  3 giant cockroaches
  4 goblins
  2 quokkas
  2 bats
  A frilled lizard (D:1)
  2 kobolds
  A rat (D:1)
41 creatures vanquished.

Vanquished Creatures (others)
  A fungus (D:1)
1 creature vanquished.

Grand Total: 92 creatures vanquished

Notes
Turn   | Place    | Note
-------+----------+-------------------------------------------
     0 | D:1      | DocClef the Tengu Summoner began the quest for the Orb.
     0 | D:1      | Reached XP level 1. HP: 10/10 MP: 4/4
    21 | D:1      | Reached skill level 5 in Summonings
   482 | D:2      | Reached XP level 2. HP: 15/15 MP: 6/6
   779 | D:2      | Learned a level 2 spell: Call Imp
  1071 | D:2      | Reached XP level 3. HP: 19/19 MP: 4/7
  1212 | D:2      | Reached skill level 6 in Summonings
  1226 | D:2      | Got the Guide on Feathery Transmutation
  1380 | D:2      | Reached skill level 7 in Summonings
  1380 | D:2      | Reached XP level 4. HP: 24/24 MP: 5/8
  1866 | D:1      | Found a faded altar of an unknown god.
  1880 | D:1      | Got Plato's Catalogue of the Rocks
  2315 | D:3      | Gained mutation: Your magical nature lets you fly swiftly
                  | and evasively. [Tengu growth]
  2315 | D:3      | Reached XP level 5. HP: 28/28 MP: 9/9
  2356 | D:3      | Noticed Ijyb
  2372 | D:3      | Killed Ijyb
  2557 | D:3      | Found Pomijuoc's Armour Shoppe.
  3111 | D:4      | Reached skill level 8 in Summonings
  3347 | D:4      | Reached XP level 6. HP: 15/32 MP: 10/10
  3985 | D:4      | Reached skill level 9 in Summonings
  4636 | D:4      | Reached XP level 7. HP: 20/35 MP: 7/11
  4968 | D:4      | Reached skill level 10 in Summonings
  5850 | D:4      | Learned a level 3 spell: Call Canine Familiar
  5857 | D:5      | Entered Level 5 of the Dungeon
  6235 | D:5      | Slain by an ogre

Illustrated notes

Levels and vault maps discovered:
D:1:      eino_arrival_water_cross, layout_rooms,
          shapermc_ecumenical_altar_rom_forum
D:2:      layout_basic
D:3:      layout_basic, serial_shops, nicolae_shop_advertising_works
          [nicolae_subvault_shop_adworks], uniq_ijyb
D:4:      layout_basic
D:5:      layout_basic, lemuel_round_altar, minmay_temple_entry_sparse_star

Skill      XL: |  1  2  3  4  5  6  7 |
---------------+----------------------+-----
Summonings     | 5 7 8 9 10 | 10.9
Dodging        | |  2.1
Stealth        | |  2.0
Spellcasting   | |  2.0

Action                   |  1- 3 |  4- 6 |  7- 9 || total
-------------------------+-------+-------+-------++-------
Melee: Dagger            |    41 |   158 |    41 ||   240
       Kick              |     8 |    51 |    19 ||    78
       Unarmed           |     3 |       |       ||     3
       Peck              |     1 |    22 |    12 ||    35
       Punch             |     1 |     3 |       ||     4
 Cast: Summon Small Mamm |     8 |    22 |    10 ||    40
       Call Imp          |     3 |    27 |    10 ||    40
       Call Canine Famil |       |       |     4 ||     4
  Use: Scroll            |       |       |    11 ||    11
 Stab: Sleeping          |     3 |     1 |       ||     4
Armor: Robe              |    10 |    30 |     6 ||    46
Dodge: Dodged            |    35 |   125 |    25 ||   185

Table legend: (Time is in decaauts)
 A = Elapsed time spent in this place.
 B = Non-inter-level travel time spent in this place.
 C = Inter-level travel time spent in this place.
 D = Time resting spent in this place.
 E = Time spent auto-exploring this place.
 F = Levels seen in this place.
 G = Mean time per level.
                   A        B        C        D        E       F      G
               +--------+--------+--------+--------+--------+-----+--------+
         Total |   6104 |   5990 |    114 |    883 |   4159 |   5 | 1220.8 |
       Dungeon |   6104 |   5990 |    114 |    883 |   4159 |   5 | 1220.8 |
               +--------+--------+--------+--------+--------+-----+--------+

Top non-repeatable levels by time:
     D:4: 2081 daAuts
     D:3: 1570 daAuts
     D:2: 1470 daAuts
     D:1: 622 daAuts
     D:5: 360 daAuts
